 Dungeon Crawl Stone Soup version 0.31-a0-1009-g454b1f1 (webtiles) character file.

Game seed: 4142427705096872174

274 Partyfoot the Ruffian (level 6, -18/48 HPs)
             Began as a Ghoul Warper on Nov 14, 2023.
             Demolished by Pikel
             ... wielding a +1 whip of electrocution
              (20 damage)
             ... on level 4 of the Dungeon.
             The game lasted 00:13:54 (3821 turns).

Partyfoot the Ruffian (Ghoul Warper)                Turns: 3821, Time: 00:13:55

Health: -18/48     AC:  4    Str: 17    XL:     6   Next: 24%
Magic:  10/10      EV: 11    Int:  8    God:
Gold:   175        SH:  0    Dex:  8    Spells: 6/12 levels left

rFire   . .          .
                       - Unarmed
rCold   + . .        (no shield)
rNeg    + + +        a - +0 leather armour
rPois   ∞            o - +0 helmet
rElec   .            (no cloak)
rCorr   .            (no gloves)
SInv    .            (no boots)
Will    .....        (no amulet)
Stlth   +            (no ring)
HPRegen 0.00/turn    (no ring)
MPRegen 0.12/turn

%: no passive effects
@: inhibited regen
A: claws 1, cold resistance 1, negative energy resistance 3, inhibited
regeneration, torment resistance 2, devour on kill
a: no special abilities


You were on level 4 of the Dungeon.
You visited 1 branch of the dungeon, and saw 4 of its levels.

You collected 175 gold pieces.

Inventory:

Missiles
 c - 7 darts of dispersal (quivered)
 m - a throwing net
Armour
 a - a +0 leather armour (worn)
 o - a +0 helmet (worn)
 r - a +0 helmet of intelligence
Scrolls
 b - a scroll of blinking
 f - 2 scrolls of poison {unknown}
 h - 2 scrolls of identify {unknown}
 j - 2 scrolls of acquirement {unknown}
 l - a scroll of enchant armour {unknown}
 q - 2 scrolls of revelation {unknown}
Potions
 d - a potion of enlightenment
 e - a potion of mutation {unknown}
 g - a potion of attraction {unknown}
 i - a potion of heal wounds
 p - a potion of lignification {unknown}


   Skills:
 - Level 2.2 Fighting
 - Level 0.9 Throwing
 - Level 0.8 Armour
 - Level 1.7 Dodging
 + Level 5.0 Unarmed Combat
 + Level 3.8 Spellcasting
 - Level 3.0 Translocations


You had 6 spell levels left.
You knew the following spells:

 Your Spells              Type           Power      Damage    Failure   Level
a - Blink                 Tloc           12%        N/A       16%         2
b - Manifold Assault      Tloc           6%         N/A       69%         4

Your spell library contained the following spells:

 Spells                   Type           Power      Damage    Failure   Level
 Lesser Beckoning         Tloc           12%        N/A       16%         2
 Teleport Other           Tloc           6%         N/A       30%         3
 Ozocubu's Armour         Ice            1%         N/A       71%         3
 Vhi's Electric Charge    Tloc/Air       6%         N/A       88%         4
 Ozocubu's Refrigeration  Ice            0%         4d7       100%        7


Dungeon Overview and Level Annotations

Branches:
Dungeon (4/15)
 Temple: D:4-7

Altars:
Cheibriados
Nemelex Xobeh

Annotations:
D:4 Blork the orc, Pikel, Sigmund


Innate Abilities, Weirdness & Mutations

You are immune to poison.
You have sharp fingernails.
Your flesh is cold resistant. (rC+)
You are immune to negative energy. (rN+++)
You do not regenerate when monsters are visible.
You are immune to unholy pain and torment.
You thrive by killing the living.


Message History

You miss Pikel. The worm closely misses you.
Pikel hits you with a +1 whip of electrocution.
You scratch Pikel but do no damage. You claw Pikel!
Pikel is moderately wounded.
Pikel hits you with a +1 whip of electrocution.
The worm bites you.
You closely miss Pikel.
Pikel is moderately wounded.
Pikel hits you with a +1 whip of electrocution!
You scratch Pikel but do no damage.
Pikel is moderately wounded.
Pikel closely misses you. The worm bites you.
You scratch Pikel.
Pikel is moderately wounded.
Pikel misses you.
You barely miss Pikel.
Pikel is moderately wounded.
The worm barely misses you.
Pikel hits you with a +1 whip of electrocution.
You are electrocuted!
* * * LOW HITPOINT WARNING * * *
You scratch Pikel.
Pikel is moderately wounded.
Pikel closely misses you.
You claw Pikel!
Pikel is severely wounded.
The worm misses you. Pikel barely misses you.
You scratch Pikel but do no damage.
Pikel is severely wounded.
The worm bites you!
* * * LOW HITPOINT WARNING * * *
Pikel closely misses you.
You claw Pikel!
Pikel is almost dead.
Pikel hits you with a +1 whip of electrocution.
* * * LOW HITPOINT WARNING * * *
You are electrocuted!!
You die...
Pikel says, "See you in Hell!"

#. #.#..# . ##. #w#..# # ?.
#†#..# # #5##5#..## #
..#.#... .######
#.#.#.######### ......#.#.#
#.#...........# .... #.#.#.
#.....#####.#.#.#.....+#.#.#
####.......@#.#.#.....#.#.#.
#...###w.K.#.#J...?.#.#.#
#.....####.#.#.........#.
#.#.#..###.#.# #........#
#.#.##...#.#.# #.......#.
#.#.####.....###........#
#.#...5................#.
#.##..≈§≈≈≈≈≈.≈.........#
#.##.5≈.......≈.##.....#.


You could see Pikel and a worm.

Vanquished Creatures
  4 lemures
  A scorpion (D:4)
  A howler monkey (D:3)
  An iguana (D:3)
  4 gnolls (D:2)
  4 adders
  2 worms
  A dart slug (D:4)
  2 orcs (D:3)
  4 endoplasms
  5 giant cockroaches
  5 goblins
  9 hobgoblins
  5 jackals
  2 quokkas
  4 ball pythons
  5 bats
  3 frilled lizards
  5 kobolds
  7 rats
74 creatures vanquished.

Notes
Turn   | Place    | Note
-------+----------+-------------------------------------------
     0 | D:1      | Partyfoot the Ghoul Warper began the quest for the Orb.
     0 | D:1      | Reached XP level 1. HP: 17/17 MP: 2/2
   147 | D:1      | Reached XP level 2. HP: 24/24 MP: 3/3
   698 | D:1      | Reached XP level 3. HP: 29/29 MP: 5/5
   701 | D:1      | Learned a level 2 spell: Blink
  1035 | D:2      | Reached skill level 3 in Unarmed Combat
  1109 | D:2      | Found a sparkling altar of Nemelex Xobeh.
  1165 | D:2      | Reached XP level 4. HP: 12/36 MP: 6/6
  1850 | D:4      | Noticed Sigmund
  2018 | D:3      | Reached skill level 4 in Unarmed Combat
  2018 | D:3      | Reached XP level 5. HP: 19/41 MP: 8/8
  2023 | D:3      | Learned a level 4 spell: Manifold Assault
  2903 | D:3      | Found a faded altar of an unknown god.
  3004 | D:4      | Found a snail-covered altar of Cheibriados.
  3041 | D:4      | Reached skill level 5 in Unarmed Combat
  3041 | D:4      | Reached XP level 6. HP: 26/48 MP: 10/10
  3043 | D:4      | Noticed Blork the orc
  3272 | D:4      | Noticed Pikel
  3821 | D:4      | HP: 2/48 [Pikel/+1 whip of electrocution (1)]
  3821 | D:4      | Demolished by Pikel

Illustrated notes

Levels and vault maps discovered:
D:1:      roderic_octagonal_star, layout_loops_corners
D:2:      layout_loops_ring, basic_altar
D:3:      layout_loops_corners, ebering_ecumenical_altar_rust,
          hangedman_decor_lopped, grunt_ministairs_7
D:4:      layout_basic, amcnicky_altar_gilded, mainiacjoe_overflow_brackets,
          uniq_pikel, uniq_sigmund, uniq_blork_the_orc

Skill      XL: |  1  2  3  4  5 |
---------------+----------------+-----
Spellcasting   | 2 3 |  3.8
Translocations | 3 |  3.0
Unarmed Combat | 3 4 5 |  5.0
Fighting       | |  2.2
Throwing       | |  0.9
Armour         | |  0.8
Dodging        | |  1.7

Action                     |  1- 3 |  4- 6 || total
---------------------------+-------+-------++-------
  Melee: Unarmed           |   100 |   210 ||   310
         Punch             |     4 |     4 ||     8
   Cast: Blink             |       |     3 ||     3
    Use: Potion            |       |     4 ||     4
   Stab: Invisible         |       |     1 ||     1
 Armour: Leather armour    |    41 |   128 ||   169
  Dodge: Dodged            |    51 |   127 ||   178

Table legend: (Time is in decaauts)
 A = Elapsed time spent in this place.
 B = Non-inter-level travel time spent in this place.
 C = Inter-level travel time spent in this place.
 D = Time resting spent in this place.
 E = Time spent auto-exploring this place.
 F = Levels seen in this place.
 G = Mean time per level.
                   A        B        C        D        E       F      G
               +--------+--------+--------+--------+--------+-----+--------+
         Total |   3803 |   3573 |    230 |    838 |   2029 |   4 |  950.8 |
       Dungeon |   3803 |   3573 |    230 |    838 |   2029 |   4 |  950.8 |
               +--------+--------+--------+--------+--------+-----+--------+

Top non-repeatable levels by time:
     D:3: 1769 daAuts
     D:1: 1134 daAuts
     D:2: 692 daAuts
     D:4: 205 daAuts
